 Dungeon Crawl Stone Soup version 0.28.0-47-ge53b351184 (webtiles) character file.

Game seed: 15431057977530762084

142 101zpm the Magician (level 5, -1/35 HPs)
             Began as a Djinni Fire Elementalist on May 4, 2022.
             Slain by a centaur skeleton (2 damage)
             ... on level 3 of the Dungeon.
             The game lasted 00:05:22 (3766 turns).

101zpm the Magician (Djinni Fire Elementalist)      Turns: 3766, Time: 00:05:22

Health: -1/35      AC:  2    Str:  7    XL:     5   Next: 49%
Gold:   125        EV: 12    Int: 19    God:
                   SH:  0    Dex: 13

rFire   + + .      SeeInvis .   (no weapon)
rCold   x . .      Faith    .   (no shield)
rNeg    . . .      Spirit   .   a - +0 robe
rPois   ∞          Reflect  .   (no helmet)
rElec   .          Harm     .   (no cloak)
rCorr   .          Rampage  .   (no gloves)
Will    .....                   (boots unavailable)
Stlth   ++........              (no amulet)
HPRegen 0.11/turn               (no ring)
MPRegen 0.00/turn               (no ring)

@: flying
A: sickness immunity, fire resistance 2, cold vulnerability 1, float, innate
caster, HP casting, extra vitality 1
a: no special abilities


You were on level 3 of the Dungeon.
You visited 1 branch of the dungeon, and saw 3 of its levels.

You collected 125 gold pieces.

Inventory:

Hand Weapons
 l - a +2 vorpal hand axe
Armour
 a - a +0 robe (worn)
Jewellery
 i - a ring of ice
Scrolls
 b - a scroll of torment {unknown}
 c - a scroll of identify {unknown}
 d - a scroll of teleportation {unknown}
 e - 2 scrolls of fog {unknown}
 g - a scroll of amnesia {unknown}
 h - a scroll of enchant weapon {unknown}
 k - a scroll of fear {unknown}
Potions
 f - a potion of resistance {unknown}
 j - a potion of cancellation {unknown}


   Skills:
 + Level 2.3 Dodging
 + Level 2.1 Stealth
 + Level 4.2 Spellcasting


You couldn't memorise any spells.
You knew the following spells:

 Your Spells              Type           Power      Damage    Failure   Level
a - Foxfire               Conj/Fire      80%        2x1d8     2%          1
b - Scorch                Fire           40%        2d7       3%          2
c - Conjure Flame         Conj/Fire      20%        6-21      7%          3
d - Inner Flame           Hex/Fire       20%        N/A       7%          3
e - Flame Wave            Conj/Fire      20%        2d7       24%         4
f - Apportation           Tloc           40%        N/A       2%          1
g - Poisonous Vapours     Pois/Air       40%        N/A       3%          2
Your spell library was empty.

Dungeon Overview and Level Annotations

Branches:
Dungeon (3/15)

Altars:

Shops:
D:2 [


Innate Abilities, Weirdness & Mutations

You are immune to sickness and miasma.
You are immune to poison.
Your flesh is very heat resistant. (rF++)
You are vulnerable to cold. (rC-)
You float through the air rather than walking.
You learn spells naturally, not from books.
Your magical power is your life essence.
You have superior vitality. (+4 MHP)


Message History

You conjure some foxfire!
* * * LOW HITPOINT WARNING * * *
The foxfire hits the ball python.
You kill the ball python!
You start resting.
Your foxfire dissipates!
You start resting.
Your foxfire dissipates!
You start resting.
Your foxfire dissipates!
You start resting.
A worm comes into view.
You see here a ball python corpse.
A centaur skeleton comes into view.
A centaur skeleton is nearby!
A centaur skeleton is nearby!
A centaur skeleton is nearby!
Casting: Foxfire (safe; 2% risk of failure)
Press: ? - help, Q - select action, (/) - cycle Dir - look around, f - activate You conjure some foxfire!
* * * LOW HITPOINT WARNING * * *
The foxfire hits the centaur skeleton!
The centaur skeleton is moderately damaged.
The foxfire hits the centaur skeleton.
The centaur skeleton is moderately damaged.
Casting: Foxfire (safe; 2% risk of failure)
Press: ? - help, Q - select action, (/) - cycle Dir - look around, f - activate You conjure some foxfire!
* * * LOW HITPOINT WARNING * * *
The foxfire hits the centaur skeleton.
The centaur skeleton is heavily damaged.
The foxfire hits the centaur skeleton.
The centaur skeleton is severely damaged.
The centaur skeleton barely misses you.
The centaur skeleton kicks you but does no damage.
The centaur skeleton misses you. The centaur skeleton kicks you.
* * * LOW HITPOINT WARNING * * *
The centaur skeleton closely misses you.
The centaur skeleton kicks you.
You die...

#..............#
##.##..###.#####
#..# ... # #..#
###.# #
#.#.##..# # .#
#......# #...
#..##.## ...#.
#.
#.######......
#.
#....Z@......#
#.
########...### .
.## #


You could see a centaur skeleton.

Vanquished Creatures
  Terence (D:2)
  An orc wizard (D:3)
  3 gnolls (D:3)
  An adder (D:2)
  2 dart slugs (D:2)
  3 orcs (D:3)
  4 bats
  5 endoplasms
  2 giant cockroaches (D:1)
  5 hobgoblins
  2 jackals (D:1)
  A quokka (D:1)
  6 ball pythons
  2 frilled lizards
  4 goblins
  3 kobolds (D:2)
  5 rats
50 creatures vanquished.

Vanquished Creatures (others)
  284 foxfires
284 creatures vanquished.

Grand Total: 334 creatures vanquished

Notes
Turn   | Place    | Note
-------+----------+-------------------------------------------
     0 | D:1      | 101zpm the Djinni Fire Elementalist began the quest for the
                  | Orb.
     0 | D:1      | Reached XP level 1. HP: 15/15 MP: 0/0
   663 | D:1      | Reached XP level 2. HP: 18/21 MP: 0/0
  1345 | D:1      | Found a faded altar of an unknown god.
  1357 | D:1      | Reached skill level 3 in Spellcasting
  1360 | D:1      | Reached XP level 3. HP: 10/25 MP: 0/0
  1360 | D:1      | Learned a level 1 spell: Apportation
  2161 | D:2      | Found Ucur's Antique Armour Emporium.
  3139 | D:2      | Noticed Terence
  3146 | D:2      | Killed Terence
  3147 | D:2      | Reached XP level 4. HP: 22/31 MP: 0/0
  3715 | D:3      | Reached XP level 5. HP: 23/35 MP: 0/0
  3715 | D:3      | Learned a level 2 spell: Poisonous Vapours
  3720 | D:3      | Reached skill level 4 in Spellcasting
  3763 | D:3      | HP: 1/35 [centaur skeleton (1)]
  3766 | D:3      | Slain by a centaur skeleton

Illustrated notes

Levels and vault maps discovered:
D:1:      scummos_arrival_forest, layout_loops_ring,
          chequers_ecumenical_altar_simple_redux, minivault_25,
          minmay_pentomino_x4
D:2:      layout_rooms, serial_shops, nicolae_square_shop, serial_glass,
          glass_columns_a, glass_columns_a, uniq_terence
D:3:      layout_loops_ring, brannock_xom_greatest_gift, portal_sewer_entry_a

Skill      XL: |  1  2  3  4  5 |
---------------+----------------+-----
Spellcasting   | 3 4 |  4.2
Stealth        | 2 |  2.1
Dodging        | |  2.3

Action                   |  1- 3 |  4- 6 || total
-------------------------+-------+-------++-------
Melee: Unarmed           |     5 |       ||     5
 Cast: Foxfire           |   157 |    34 ||   191
       Scorch            |     2 |    13 ||    15
       Inner Flame       |     1 |     1 ||     2
Armor: Robe              |     1 |     2 ||     3
Dodge: Dodged            |     6 |     6 ||    12
